Map: Central Protocol

Players

juhyg

  • Race: Protoss Protoss

Monolith - Winner!

  • Race: Zerg Zerg

VOD

Have the link to the VOD?

Description

Time

  • Played on: Nov. 17, 2015, 6:36 p.m.
  • Length: 8:47
Show
View Real Time Build Order
Export as new Build Order

juhyg Protoss 

Build Orders:  

Get SALT Encoding   

  12  0:13  Pylon  
  12  0:16  Probe (Chrono Boost)  
  13  0:34  Forge  
  13  0:41  Probe (Chrono Boost)  
  14  0:47  Pylon  
  14  0:51  Pylon  
  14  1:14  Photon Cannon  
  14  1:18  Photon Cannon  
  14  1:57  Pylon  
  14  2:02  Pylon  
  14  2:06  Pylon  
  14  2:10  Photon Cannon  
  14  2:17  Probe (Chrono Boost)  
  15  2:23  Gateway  
  15  2:26  Pylon  
  15  2:31  Pylon  
  15  2:33  Probe (Chrono Boost)  
  16  2:40  Photon Cannon  
  16  2:53  Photon Cannon  
  16  2:58  Pylon  
  16  3:10  Zealot  
  18  3:17  Cybernetics Core  
  18  3:22  Probe (Chrono Boost)  
  19  3:33  Photon Cannon  
  19  3:38  Pylon  
  19  3:47  Photon Cannon  
  19  4:07  Photon Cannon  
  19  4:09  Photon Cannon  
  19  4:16  Photon Cannon  
  19  4:27  Photon Cannon  
  20  4:35  Assimilator  
  18  4:55  Assimilator  
  18  4:59  Probe (Chrono Boost)  
  19  5:09  Probe (Chrono Boost)  
  19  5:11  Adept  
  22  5:20  Probe (Chrono Boost)  
  23  5:22  Photon Cannon  
  23  5:26  Photon Cannon  
  23  5:32  Photon Cannon  
  23  5:36  Probe (Chrono Boost)  
  24  5:47  Probe (Chrono Boost)  
  21  5:57  Probe (Chrono Boost)  
  22  6:10  Photon Cannon  
  22  6:16  Photon Cannon  
  22  6:21  Photon Cannon  
  22  6:29  Photon Cannon  
  22  6:33  Warp Gate (Chrono Boost)  
  22  6:56  Robotics Facility  
  22  6:59  Pylon  
  22  7:02  Photon Cannon  
  22  7:48  Robotics Bay  
  22  7:53  Pylon  
  22  7:57  Photon Cannon  
  22  7:58  Photon Cannon  
  22  8:00  Photon Cannon  
  22  8:07  Gateway  
Show
View Real Time Build Order
Export as new Build Order

Monolith Zerg - Winner!

Build Orders: Pool First 

Get SALT Encoding   

  12  0:03  Drone  
  13  0:15  Overlord  
  13  0:18  Drone  
  14  0:26  Extractor  
  14  0:27  Drone  
  15  0:36  Drone  
  16  0:48  Drone  
  17  0:50  Drone  
  18  1:02  Spawning Pool  
  17  1:07  Overlord  
  17  1:10  Extractor  
  16  1:30  Hatchery  
  15  1:39  Drone x3  
  17  1:50  Queen  
  17  1:51  Zergling x2  
  20  2:02  Spine Crawler  
  20  2:07  Spine Crawler  
  19  2:11  Spine Crawler  
  19  2:12  Zergling x2  
  19  2:13  Zergling x2  
  20  2:29  Zergling x2  
  19  2:51  Queen  
  19  2:54  Zergling x4  
  23  3:00  Queen  
  23  3:01  Drone x2  
  27  3:08  Spine Crawler  
  27  3:12  Drone, Spine Crawler  
  26  3:29  Spine Crawler  
  25  3:38  Drone  
  25  3:39  Drone x2  
  28  4:02  Zergling x10  
  26  4:03  Zergling x6  
  28  4:16  Zergling x6  
  28  4:33  Drone x5  
  33  4:43  Queen  
  35  4:46  Zergling x2  
  35  4:48  Overlord  
  36  5:08  Drone x3  
  36  5:11  Drone  
  36  5:12  Drone x2  
  42  5:36  Extractor  
  40  5:52  Zergling x8  
  40  5:53  Zergling x2  
  40  6:05  Hatchery  
  40  6:08  Zergling x4  
  40  6:09  Zergling x8  
  43  6:13  Metabolic Boost  
  42  6:24  Overlord x3  
  42  6:33  Zergling x4  
  42  6:37  Lair  
  44  6:41  Extractor  
  43  7:01  Drone, Baneling Nest  
  43  7:02  Drone x3, Extractor  
  45  7:14  Drone  
  46  7:21  Zergling x12  
  46  7:22  Zergling x6  
  54  7:29  Queen  
  55  7:32  Drone  
  55  7:33  Overlord x2  
  55  7:34  Overlord x2  
  56  7:42  Zergling x2  
  56  7:43  Zergling x8  
  61  7:50  Baneling x3  
  61  7:51  Baneling x7  
  61  7:52  Baneling x4  
  61  7:57  Drone  
  62  8:00  Drone x3  
  65  8:10  Drone x2  
Tags
 
Add a new tag
Caveats
  • Supply blocks, unpowered buildings, or Contaminate may cause inaccurate times.
  • Supply counts are checked every 10 seconds.